cohdb
Replays
Latest Replays
All Replays
Popular Replays
Top Player Replays
Match Explorer
How It Works
Community
CoH3 Stats
Reddit
Sign in to upload your games and track your stats! →
Sign in with Steam
Match 42921452
Unlisted
Match 42921452
Overview
Messages
Build Orders
End
Kradschützen Motorcycle Team
Panzergrenadier Squad
Panzerpioneer Squad
Panzergrenadier Squad
Construct Light Support Kompanie
2.5-tonne Medical Truck
Fire Support Elements
Panzerjäger Mechanized Group
Selects Panzerjäger Kommand Battlegroup
Selects GrB 39 Grenade Launcher Requisition
Selects Mine Fields
Flakvierling Half-track
Selects Defensive Positions
Construct Panzerarmee Kommand
Veteran Squad Leaders
Armored Reserves
Pak 38 Mechanized Group
Selects Butterfly Bomb Drop
Butterfly Bomb Drop
Selects Crew Shock Tactics
Assault Grenadier Squad
Tiger Heavy Tank
Valentine
A_Smoove
0
0
Comments
sign in to comment!
No comments posted yet!